 Dungeon Crawl Stone Soup version 0.26-a0-737-g4e9f4955e2 (console) character file.

Game seed: 7135850506640855690

12581 om the Cleaver (level 11, -11/89 HPs)
             Began as a Minotaur Fighter on Nov 4, 2020.
             Was an Initiate of Gozag.
             Mangled by a titanic slime creature (34 damage)
             ... on level 11 of the Dungeon.
             The game lasted 00:20:33 (13801 turns).

om the Cleaver (Minotaur Fighter)                  Turns: 13801, Time: 00:20:33

Health: -11/89     AC: 13    Str: 22    XL:     11   Next: 64%
Magic:  10/10      EV: 10    Int:  5    God:    Gozag
Gold:   1546       SH: 11    Dex: 12    Spells: 10/10 levels left

rFire    . . .     SeeInvis .   J - +4 demon trident
rCold    . . .     Faith    .   c - +0 kite shield
rNeg     . . .     Spirit   .   E - +0 shadow dragon scales
rPois    .         Reflect  .   (helmet restricted)
rElec    .         Harm     .   p - scarf {repulsion}
rCorr    .         Rampage  .   (no gloves)
MR       .....                  (no boots)
Stlth    ++++......             (no amulet)
HPRegen  0.24/turn              (no ring)
MPRegen  0.12/turn              (no ring)

@: repel missiles
A: retaliatory headbutt, horns 2
a: Potion Petition, Call Merchant, Bribe Branch, Renounce Religion


You were on level 11 of the Dungeon.
You worshipped Gozag.
Gozag was most pleased with you.
You visited 2 branches of the dungeon, and saw 13 of its levels.
You also visited: Ossuary.

You collected 1792 gold pieces.
You paid 246 gold pieces to Gozag.

Inventory:

Hand Weapons
 a - a +0 war axe
 D - the +9 hand axe of Waigun {holy, Str+3}
   (You found it on level 8 of the Dungeon)

   It has been blessed by the Shining One to cause great damage to the undead
   and demons.
   It affects your strength (+3).
 J - a +4 demon trident (weapon)
Armour
 c - a +0 kite shield (worn)
 p - a scarf of repulsion (worn)
 E - +0 shadow dragon scales (worn)
Jewellery
 x - an uncursed ring of fire
 C - an uncursed ring of magical power
 H - an uncursed ring of wizardry
Wands
 b - a wand of disintegration (11)
 l - a wand of flame (22)
 t - a wand of paralysis (10)
 y - a wand of acid (14)
 A - a wand of random effects (27)
Scrolls
 e - 7 scrolls of remove curse
 f - 4 scrolls of teleportation
 i - 6 scrolls of fog
 k - a scroll of blinking
 o - 2 scrolls of enchant armour {unknown}
 q - 3 scrolls of amnesia {unknown}
 u - 2 scrolls of fear {unknown}
 z - a scroll of vulnerability {unknown}
 F - a scroll of magic mapping
 I - a scroll of enchant weapon {unknown}
Potions
 d - 4 potions of might
 g - 10 potions of curing
 h - 2 potions of stabbing
 j - a potion of lignification
 m - 4 potions of heal wounds
 n - 4 potions of brilliance
 r - 2 potions of magic
 s - 2 potions of invisibility
 v - 5 potions of haste
 B - 2 potions of cancellation
 G - a potion of berserk rage
 K - a potion of ambrosia {unknown}


   Skills:
 - Level 6.0 Fighting
 - Level 13.8(14.2) Axes
 * Level 5.8(10.8) Polearms
 + Level 7.3 Armour
 * Level 8.2 Dodging
 - Level 5.0 Stealth
 + Level 6.9 Shields
 - Level 5.0 Evocations


You had 10 spell levels left.
You didn't know any spells.
Your spell library contained the following spells:

 Spells                   Type           Power        Failure   Level
 Animate Skeleton         Necr           #.....       100%        1
 Apportation              Tloc           #.....       100%        1
 Corona                   Hex            #......      100%        1
 Freeze                   Ice            #...         100%        1
 Magic Dart               Conj           #...         100%        1
 Pain                     Necr           #...         100%        1
 Sandblast                Erth           #.....       100%        1
 Summon Small Mammal      Summ           #...         100%        1
 Blink                    Tloc           N/A          100%        2
 Call Imp                 Summ           #.......     100%        2
 Passwall                 Tmut/Erth      #.......     100%        2
 Slow                     Hex            #.......     100%        2
 Conjure Flame            Conj/Fire      #.......     100%        3
 Frozen Ramparts          Ice            #.....       100%        3
 Mephitic Cloud           Conj/Pois/Air  #.......     100%        3
 Ozocubu's Armour         Ice            #.......     100%        3
 Stone Arrow              Conj/Erth      #.....       100%        3
 Vampiric Draining        Necr           #.........   100%        3
 Animate Dead             Necr           #.........   100%        4
 Hailstorm                Conj/Ice       #.......     100%        4
 Petrify                  Tmut/Erth      #.......     100%        4
 Summon Ice Beast         Ice/Summ       #.......     100%        4
 Agony                    Necr           #.......     100%        5
 Lee's Rapid Deconstruct  Erth           #.........   100%        5


Dungeon Overview and Level Annotations

Branches:
Dungeon (12/15)            Temple (1/1) D:7            Lair (0/6) D:10
    Orc (0/2) D:10        Ossuary (visited)

Altars:
Ashenzari
Cheibriados
Dithmenos
Elyvilon
Fedhas
Gozag
Hepliaklqana
Kikubaaqudgha
Makhleb
Nemelex Xobeh
Okawaru
Qazlal
Ru
Sif Muna
Trog
Uskayaw
Vehumet
Wu Jian
Xom
Yredelemnul
Zin
The Shining One

Shops:
D:6 (


Innate Abilities, Weirdness & Mutations

You reflexively headbutt those who attack you in melee.
You have a pair of horns on your head.


Message History

Attack whom?
Press: ? - help, Dir - move target cursor, f/p - titanic slime creature
Aim: a titanic slime creature (moderately wounded)
You reach to attack!
You puncture the titanic slime creature!
The titanic slime creature is moderately wounded.
Attack whom?
Press: ? - help, Dir - move target cursor, f/p - titanic slime creature
Aim: a titanic slime creature (moderately wounded)
You reach to attack!
You barely miss the titanic slime creature.
The titanic slime creature is moderately wounded.
You block the titanic slime creature's attack.
There is a stone staircase leading down here.
Press: ? - help, Dir - move target cursor, f - you, p - titanic slime creature
Okay, then.
There is a stone staircase leading down here.
The titanic slime creature hits you!!
You die...
Your body crumbles into a pile of gold.

.#.####..#..##.#.#
#### #..#..##.#.#
######..#.....#.#
##...)...#.##..#.#
...$))##.#.##..#.#
....)[##.........#
......####.......#
......# #.##.##.#
......# #.##.##.#
......# #.#..##J#
......# #.#.###@#
####### #.#.###.#
.# #.......#
.###### ###.#####
).....## #.#
.###...# #.# .#
#...#####.# .#
#.........# ##
###########


You could see a titanic slime creature.

Vanquished Creatures
  Erolcha (D:11)
  2 two-headed ogres
  Urug (D:10)
  Nergalle (D:11)
  An ugly thing (D:12)
  An elephant (D:10)
  A cyclops (D:11)
  A gargoyle (D:12)
  A troll (D:12)
  3 tyrant leeches
  A slime creature (D:11)
  Sigmund (D:5)
  A wyvern (D:8)
  2 vampires
  3 yaks (D:10)
  3 vampire mosquitoes
  Grum (D:11)
  A steam dragon (D:9)
  Edmund (D:5)
  An acid dragon (D:12)
  4 orc warriors
  4 sky beasts
  An ice beast (D:12)
  5 black bears
  5 ogres
  An eye of draining (D:8)
  3 wolves (D:11)
  2 phantoms
  3 centaurs
  An elf zombie (D:4)
  4 bullfrogs
  3 elf skeletons (D:4)
  3 scorpions
  6 wights
  A killer bee (D:10)
  A howler monkey (D:12)
  A centaur zombie (D:9)
  2 human zombies (D:4)
  6 hounds
  4 orc wizards
  3 orc priests
  4 jellies
  4 bullfrog skeletons
  3 centaur skeletons
  Jessica (D:2)
  A human skeleton (D:4)
  Natasha (thrice) (D:2)
  2 iguanas
  8 worker ants
  2 hound skeletons
  A worker ant zombie (D:9)
  3 mummies (Ossuary)
  11 gnolls
  6 adders
  A shadow imp (D:5)
  3 white imps
  An adder skeleton (D:4)
  3 adder zombies (Ossuary)
  4 worms
  A dart slug (D:3)
  6 leopard geckos
  31 orcs
  2 ball pythons
  7 bats
  3 giant cockroaches
  A gnoll zombie (Ossuary)
  A hobgoblin (D:1)
  18 jackals
  5 quokkas
  3 frilled lizards
  4 goblins
  4 goblin zombies (Ossuary)
  A hobgoblin zombie (Ossuary)
  4 kobolds
  3 kobold zombies (Ossuary)
  A leopard gecko skeleton (D:9)
  4 orc skeletons (D:4)
  2 quokka skeletons
  3 quokka zombies (Ossuary)
  4 rats
  3 rat zombies (Ossuary)
263 creatures vanquished.

Vanquished Creatures (others)
  2 fungi (D:10)
  A plant (D:10)
3 creatures vanquished.

Grand Total: 266 creatures vanquished

Notes
Turn   | Place    | Note
-------+----------+-------------------------------------------
     0 | D:1      | om the Minotaur Fighter began the quest for the Orb.
     0 | D:1      | Reached XP level 1. HP: 19/19 MP: 0/0
   252 | D:1      | Reached XP level 2. HP: 27/27 MP: 1/1
   543 | D:2      | Noticed Natasha
   550 | D:2      | Killed Natasha
   550 | D:2      | Reached skill level 3 in Axes
   550 | D:2      | Reached skill level 1 in Dodging
   550 | D:2      | Reached XP level 3. HP: 32/33 MP: 2/2
   644 | D:2      | Noticed Jessica
   660 | D:2      | Killed Jessica
   660 | D:2      | Reached skill level 4 in Axes
   660 | D:2      | Reached XP level 4. HP: 38/40 MP: 3/3
   692 | D:2      | Noticed Natasha
   701 | D:2      | Killed Natasha
  1061 | D:2      | Found a faded altar of an unknown god.
  1557 | D:2      | Noticed Natasha
  1563 | D:2      | Killed Natasha
  1563 | D:2      | Reached XP level 5. HP: 35/46 MP: 4/4
  1753 | D:3      | Reached skill level 5 in Axes
  2733 | D:4      | Noticed an ogre
  2749 | D:4      | Killed an ogre
  2749 | D:4      | Reached skill level 6 in Axes
  2749 | D:4      | Reached XP level 6. HP: 48/52 MP: 5/5
  2890 | D:4      | Found a sand-covered staircase.
  2911 | D:4      | Reached skill level 7 in Axes
  2915 | Ossuary  | Entered an ossuary
  3267 | Ossuary  | Reached XP level 7. HP: 60/60 MP: 6/6
  3381 | D:4      | Reached skill level 5 in Fighting
  3559 | D:4      | Reached skill level 8 in Axes
  4146 | D:5      | Entered Level 5 of the Dungeon
  4607 | D:5      | Reached skill level 9 in Axes
  4783 | D:5      | Noticed Edmund
  4797 | D:5      | Killed Edmund
  4797 | D:5      | Reached XP level 8. HP: 48/68 MP: 7/7
  4900 | D:5      | Noticed Sigmund
  4907 | D:5      | Killed Sigmund
  4907 | D:5      | Reached skill level 10 in Axes
  5014 | D:6      | Found Qeduveuf's Antique Weapon Shoppe.
  5474 | D:6      | Reached skill level 11 in Axes
  5845 | D:7      | Found a staircase to the Ecumenical Temple.
  5884 | D:7      | Noticed a two-headed ogre
  5887 | D:7      | Killed a two-headed ogre
  5887 | D:7      | Reached skill level 12 in Axes
  5887 | D:7      | Reached XP level 9. HP: 75/75 MP: 8/8
  5983 | D:7      | Reached skill level 13 in Axes
  6062 | D:7      | Found a hide-covered altar of Uskayaw.
  6363 | D:8      | Found an ornate altar of the Wu Jian Council.
  6563 | D:8      | Got a glimmering hand axe
  6586 | D:8      | Reached skill level 1 in Evocations
  7190 | D:8      | Found a bloodstained altar of Trog.
  7200 | D:8      | Found a glowing golden altar of the Shining One.
  7216 | D:8      | Found a basalt altar of Yredelemnul.
  7590 | Temple   | Entered the Ecumenical Temple
  7822 | Temple   | Became a worshipper of Gozag Ym Sagoz the Greedy
  7956 | D:9      | Identified the +9 hand axe of Waigun {holy, Str+3} (You
                  | found it on level 8 of the Dungeon)
  7998 | D:9      | Found an opulent altar of Gozag.
  8477 | D:9      | Reached skill level 5 in Armour
  8929 | D:10     | Entered Level 10 of the Dungeon
  8943 | D:10     | Reached XP level 10. HP: 83/83 MP: 9/9
  9089 | D:10     | Reached skill level 1 in Stealth
  9177 | D:10     | Found a staircase to the Orcish Mines.
  9183 | D:10     | Noticed a two-headed ogre
  9194 | D:10     | Killed a two-headed ogre
  9194 | D:10     | Reached skill level 5 in Dodging
  9194 | D:10     | Reached skill level 5 in Shields
  9481 | D:10     | Found a staircase to the Lair.
  9489 | D:10     | Noticed an elephant
  9517 | D:10     | Killed an elephant
  9622 | D:10     | Noticed Urug
  9638 | D:10     | Killed Urug
  9638 | D:10     | Reached skill level 5 in Evocations
 10045 | D:10     | Reached skill level 1 in Polearms
 10434 | D:11     | Noticed Grum
 10482 | D:11     | Killed Grum
 10958 | D:11     | Noticed Erolcha
 10974 | D:11     | Killed Erolcha
 10974 | D:11     | Reached XP level 11. HP: 89/89 MP: 10/10
 11151 | D:11     | Noticed Nergalle
 11157 | D:11     | Noticed a spectral orc warlord
 11168 | D:11     | Killed Nergalle
 11705 | D:12     | Noticed a brown ugly thing
 11721 | D:12     | Killed a brown ugly thing
 12658 | D:11     | Reached skill level 5 in Stealth
 12774 | D:12     | Reached skill level 5 in Polearms
 13801 | D:11     | Mangled by a titanic slime creature

Illustrated notes

Levels and vault maps discovered:
D:1:      onia_arrival_mini_spirals, layout_rooms
D:2:      layout_loops_corners, chequers_ecumenical_altar_simple, uniq_jessica,
          uniq_natasha
D:3:      layout_basic
D:4:      layout_rooms, nicolae_ossuary_entry_catacombs
D:5:      layout_loops_ring, sigmund_edmund_badplayer
D:6:      layout_loops_ring, serial_shops, nicolae_shop_behind_doors,
          minivault_27, minivault_4
D:7:      layout_basic, minmay_temple_entry_trees, basic_altar
D:8:      layout_loops_corners, grunt_temple_overflow_open, old_standard_altar
D:9:      layout_gridville, nicolae_gozag_seed_capital
D:10:     layout_long_grid, david_lair_generic, orc_0_dummy,
          kennysheep_generic_room_8, uniq_urug
D:11:     layout_loops_cross, uniq_nergalle, uniq_erolcha, uniq_grum
D:12:     layout_irregular_city, portal_ice_cave_demonic_guard, hex_large,
          minmay_guarded_unrand_vampires_tooth
Temple:   hc_temple_tempest_star

Skill      XL: |  1  2  3  4  5  6  7  8  9 10 11 |
---------------+----------------------------------+-----
Fighting       | 4 5 6 |  6.0
Axes           | 3 4 6 7 9 12 13 | 13.8
Armour         | 4 5 6 7 |  7.3
Dodging        | 1 2 3 4 6 8 |  8.2
Shields        | 4 5 6 |  6.9
Evocations     | 3 5 |  5.0
Stealth        | 4 5 |  5.0
Polearms       | 3 5 |  5.8

Action                   |  1- 3 |  4- 6 |  7- 9 | 10-12 || total
-------------------------+-------+-------+-------+-------++-------
Melee: War axe           |    43 |   161 |   251 |       ||   455
       Headbutt          |     4 |    32 |    61 |    79 ||   176
       Hand axe          |       |       |    45 |    82 ||   127
       Demon trident     |       |       |       |   323 ||   323
Evoke: Wand              |       |     5 |     2 |     5 ||    12
  Use: Scroll            |       |     5 |    12 |     6 ||    23
       Potion            |       |     1 |     1 |     3 ||     5
 Stab: Sleeping          |       |       |     9 |    13 ||    22
       Distracted        |       |       |       |     1 ||     1
Armor: Scale mail        |    14 |    59 |    46 |       ||   119
       Shadow dragon sca |       |       |    49 |    97 ||   146
Dodge: Dodged            |    23 |    55 |    56 |    90 ||   224
       Repelled          |       |       |     1 |       ||     1
Block: Kite shield       |    24 |    72 |   111 |   147 ||   354

Table legend: (Time is in decaauts)
 A = Elapsed time spent in this place.
 B = Non-inter-level travel time spent in this place.
 C = Inter-level travel time spent in this place.
 D = Time resting spent in this place.
 E = Time spent auto-exploring this place.
 F = Levels seen in this place.
 G = Mean time per level.
                   A        B        C        D        E       F      G
               +--------+--------+--------+--------+--------+-----+--------+
         Total |  13816 |  13310 |    506 |   2892 |   8134 |  14 |  986.9 |
       Dungeon |  13109 |  12669 |    440 |   2619 |   7858 |  12 | 1092.4 |
        Temple |    252 |    187 |     65 |      0 |    186 |   1 |  252.0 |
       Ossuary |    454 |    454 |      0 |    273 |     90 |   1 |  454.0 |
               +--------+--------+--------+--------+--------+-----+--------+

Top non-repeatable levels by time:
    D:11: 2248 daAuts
    D:10: 1409 daAuts
     D:2: 1271 daAuts
     D:8: 1216 daAuts
    D:12: 1148 daAuts
     D:9: 1042 daAuts
     D:3: 1032 daAuts
     D:4: 990 daAuts
     D:6: 886 daAuts
     D:5: 820 daAuts
     D:7: 551 daAuts
     D:1: 491 daAuts
 Ossuary: 454 daAuts
  Temple: 252 daAuts
